 Dungeon Crawl Stone Soup version 0.16-a0-3943-gb4b81e6 (webtiles) character file.

12578 timbw the Martial Artist (level 11, -3/89 HPs)
             Began as a Centaur Venom Mage on Feb 8, 2015.
             Was a Believer of Ashenzari.
             Slain by a six-headed hydra (8 damage)
             ... on level 12 of the Dungeon.
             The game lasted 00:48:34 (13899 turns).

timbw the Martial Artist (Centaur Venom Mage)      Turns: 13899, Time: 00:48:34

Health: -3/89      AC:  9    Str: 10      XL:     11   Next: 64%
Magic:  12/12      EV: 10    Int: 16      God:    Ashenzari [**....]
Gold:   413        SH:  0    Dex: 11 (12) Spells: 2 memorised, 10 levels left

rFire  . . .     SeeInvis .       - Unarmed
rCold  . . .     Clarity  .     d - +0 leather armour (curse)
rNeg   . . .     SustAb   .     (no shield)
rPois  +         Gourm    .     o - +0 helmet (curse)
rElec  .         Spirit   .     (no cloak)
rCorr  .         Warding  .     (no gloves)
rMut   .         Stasis   .     f - +0 centaur barding (curse)
MR     .....                    (no amulet)
Stlth  +.........               z - ring of poison resistance
                                s - ring of flight (curse)

@: exhausted, slowed, not resistant to hostile enchantments, very unstealthy
A: hooves 3, deformed body, speed 2, tough skin 3
a: Renounce Religion, Evoke Flight


You were on level 12 of the Dungeon.
You worshipped Ashenzari.
Ashenzari was pleased with you.
You were not hungry.

You visited 2 branches of the dungeon, and saw 13 of its levels.

You collected 413 gold pieces.

Inventory:

Hand weapons
 B - a +3 blowgun
Missiles
 C - 4 curare-tipped needles
 X - 35 poisoned needles
Armour
 a - a +0 robe
 d - a cursed +0 leather armour (worn)
 f - a cursed +0 centaur barding (worn)
 o - a cursed +0 helmet (worn)
Jewellery
 s - a cursed ring of flight (left hand)
 u - an uncursed ring of see invisible
 v - an uncursed ring of sustain abilities
 x - an uncursed amulet of stasis
 z - a ring of poison resistance (right hand)
 E - a +3 ring of strength
Magical devices
 i - a wand of flame (0)
 n - a wand of digging (7)
 p - a wand of polymorph (11)
 t - a wand of flame (24)
 G - a wand of invisibility (0)
 J - a wand of digging (11)
 K - a wand of magic darts (28)
 O - a wand of polymorph (7)
 Z - a wand of confusion (32)
Scrolls
 e - 3 scrolls of identify
 g - a scroll of amnesia
 k - a scroll of magic mapping
 l - a scroll of vulnerability {unknown}
 q - 5 scrolls of curse weapon
 w - a scroll of noise {unknown}
 y - a scroll of teleportation
 D - 2 scrolls of blinking
 F - a scroll of fear {unknown}
 L - 2 scrolls of torment {unknown}
 M - a scroll of random uselessness {unknown}
 N - a scroll of immolation {unknown}
 U - a scroll of summoning {unknown}
 W - a scroll of fog {unknown}
 Y - a scroll of recharging {unknown}
Potions
 h - a potion of ambrosia
 m - a potion of cancellation {unknown}
 H - a potion of might
 I - a potion of agility
 Q - a potion of resistance {unknown}
 R - a potion of restore abilities {unknown}
 S - a potion of cure mutation {unknown}
Books
 b - a Young Poisoner's Handbook

   Spells                             Type                      Level
   a - Sting                          Conjuration/Poison           1
   b - Cure Poison                    Poison                       2
   c - Mephitic Cloud                 Conjuration/Poison/Air       3
   d - Olgreb's Toxic Radiance        Poison                       4
   e - Venom Bolt                     Conjuration/Poison           5
 r - a book of Party Tricks

   Spells                             Type                      Level
   a - Summon Butterflies             Summoning                    1
   b - Apportation                    Translocation                1
   c - Tukima's Dance                 Hexes                        3
   d - Alistair's Intoxication        Transmutation/Poison         4
   e - Invisibility                   Hexes                        6
 T - a book of Summonings

   Spells                             Type                      Level
   a - Abjuration                     Summoning                    3
   b - Recall                         Summoning/Translocation      3
   c - Shadow Creatures               Summoning                    5
   d - Summon Demon                   Summoning                    5
   e - Summon Forest                  Summoning/Translocation      5
   f - Monstrous Menagerie            Summoning                    6
 V - a book of Burglary

   Spells                             Type                      Level
   a - Swiftness                      Charms/Air                   2
   b - Passwall                       Transmutation/Earth          3
   c - Passage of Golubria            Translocation                4
   d - Lee's Rapid Deconstruction     Earth                        5
   e - Invisibility                   Hexes                        6
   f - Darkness                       Hexes                        7
Comestibles
 c - 10 bread rations
 A - 3 meat rations
 P - a chunk of flesh


   Skills:
 - Level 5.7 Fighting
 + Level 6.6(8.1) Dodging
 - Level 1.2(2.2) Stealth
 * Level 14.9 Unarmed Combat
 - Level 1.5 Spellcasting
 - Level 3.2 Poison Magic


You had 10 spell levels left.
You knew the following spells:

 Your Spells              Type           Power        Failure   Level  Hunger
a - Sting                 Conj/Pois      #...         17%         1    ##.....
b - Cure Poison           Pois           ##........   14%         2    ###....


Dungeon Overview and Level Annotations

Branches:
Dungeon (12/15)            Temple (1/1) D:5            Lair (0/8) D:9
    Orc: D:9-12

Altars:
Ashenzari
Cheibriados
Dithmenos
Elyvilon
Fedhas
Kikubaaqudgha
Nemelex Xobeh
Okawaru
Qazlal
Sif Muna
Trog
Xom
Yredelemnul
Zin
The Shining One

Shops:
D:7 %   D:11 }

Annotations:
D:11 1 runed door, 4thArraOfDagon's ghost, experienced DrWn; Vidiiot's ghost, experienced DsAr; abixa's ghost, powerful HOFi
D:12 Sonja


Innate Abilities, Weirdness & Mutations

You have hooves in place of feet.
Armour fits poorly on your strangely shaped body.
You cover ground very quickly.
You have extremely tough skin (AC +3).


Message History

The white ugly thing gurgles horribly!
Items here: (( [ † a +0 hat; a poisoned needle; 4 curare-tipped needles the elephant slug corpse of Gastronok
C - 4 curare-tipped needles Unknown command.
An orc warrior comes into view. It is wielding a short sword.
The orc warrior shouts!
A deep elf mage comes into view. It is wielding a long sword.
The deep elf mage shouts!
The six-headed hydra bites you.
* * * LOW HITPOINT WARNING * * *
The six-headed hydra bites you.
* * * LOW HITPOINT WARNING * * *
The six-headed hydra bites you.
* * * LOW HITPOINT WARNING * * *
The six-headed hydra bites you!
* * * LOW HITPOINT WARNING * * *
The six-headed hydra bites you!
You die...

###..#
#.........?......
#....##
##[.............
......####.............
> ,
####...##..............
, , ##..).........###..
##...........# * , ,, ,
##.......#..# #
#........uD###...#. ,
#........#@.....e.. ,,
#..........###.o#oS , ,
# #........... , .. ###
##............,, , ,,
..####....######.... ,
, * ...#........#*
###... , *
..............# .... ,
............... ... ,,
.........##... , ....


You could see a six-headed hydra, a white ugly thing, an orc warrior, a deep elf
mage, an adder (wandering) and an orc (wandering).

Vanquished Creatures
  Gastronok (D:12)
  4 hill giants (D:10)
  A manticore (D:9)
  A cyclops (D:12)
  2 trolls
  A basilisk (D:10)
  2 deep elf magi
  17 yaks
  A spriggan (D:7)
  2 hippogriffs
  2 wargs (D:9)
  Edmund (D:4)
  Menkaure (D:7)
  A water moccasin (D:10)
  An eye of draining (D:10)
  6 ice beasts
  2 sky beasts
  A necrophage (D:9)
  3 orc warriors
  2 phantoms
  2 centaurs
  2 ogres
  A crocodile (D:9)
  Duvessa (D:6)
  8 giant frogs
  A big kobold (D:11)
  3 scorpions
  A wight (D:7)
  3 goliath beetles
  Dowan (D:7)
  A giant frog zombie (D:12)
  A centaur zombie (D:7)
  4 crimson imps
  2 jellies
  2 centaur skeletons
  2 iguanas (D:8)
  4 orc priests
  A giant frog skeleton (D:10)
  5 hounds
  10 orc wizards
  2 quasits
  11 worker ants
  Ijyb (D:5)
  A hound zombie (D:10)
  2 hound skeletons
  A mummy (D:10)
  Robin (D:4)
  6 adders
  A shadow imp (D:5)
  An adder zombie (D:9)
  46 orcs
  A ball python (D:4)
  4 bats
  2 giant cockroaches
  17 hobgoblins
  3 quokkas
  A ball python skeleton (D:5)
  3 giant geckos
  A giant newt (D:4)
  A giant spore (D:7)
  16 goblins
  12 kobolds
  A quokka skeleton (D:8)
  10 rats
  5 ballistomycetes (D:7)
257 creatures vanquished.

Vanquished Creatures (others)
  An ogre (D:7)
1 creature vanquished.

Grand Total: 258 creatures vanquished

Notes
Turn   | Place    | Note
--------------------------------------------------------------
     0 | D:1      | timbw, the Centaur Venom Mage, began the quest for the Orb.
     0 | D:1      | Reached XP level 1. HP: 14/14 MP: 2/2
    94 | D:2      | Reached skill level 1 in Unarmed Combat
   658 | D:3      | Reached XP level 2. HP: 11/20 MP: 0/3
   696 | D:3      | Learned a level 2 spell: Cure Poison
  1178 | D:4      | Reached XP level 3. HP: 26/26 MP: 0/5
  1219 | D:4      | Reached XP level 4. HP: 30/33 MP: 0/5
  1320 | D:4      | Noticed Edmund
  1414 | D:4      | Killed Edmund
  1414 | D:4      | Reached skill level 5 in Unarmed Combat
  1414 | D:4      | Reached XP level 5. HP: 28/38 MP: 0/6
  1516 | D:4      | Noticed Robin
  1566 | D:4      | Killed Robin
  1898 | D:4      | Found a snail-covered altar of Cheibriados.
  2118 | D:4      | Found an ancient bone altar of Kikubaaqudgha.
  2166 | D:5      | Entered Level 5 of the Dungeon
  2183 | D:5      | Reached XP level 6. HP: 27/46 MP: 2/8
  2187 | D:5      | Found a staircase to the Ecumenical Temple.
  2241 | Temple   | Entered the Ecumenical Temple
  2265 | Temple   | Became a worshipper of Ashenzari the Shackled
  2273 | D:5      | Found an iron altar of Okawaru.
  2279 | D:5      | Noticed Ijyb
  2306 | D:5      | Killed Ijyb
  2306 | D:5      | Reached skill level 6 in Unarmed Combat
  2360 | D:5      | Found a shimmering altar of Xom.
  2401 | D:5      | Reached skill level 1 in Fighting
  2425 | D:5      | Found a bloodstained altar of Trog.
  2596 | D:4      | Noticed a scorpion
  2608 | D:4      | Killed a scorpion
  3035 | D:6      | Reached XP level 7. HP: 44/55 MP: 4/8
  3065 | D:6      | Reached skill level 7 in Unarmed Combat
  3116 | D:6      | Found a shadowy altar of Dithmenos.
  3696 | D:7      | Found Tiehit's Food Shoppe.
  3708 | D:7      | Noticed Dowan
  3729 | D:7      | Killed Dowan
  3794 | D:7      | Noticed Duvessa
  3861 | D:6      | Killed Duvessa
  3861 | D:6      | Reached skill level 8 in Unarmed Combat
  4658 | D:7      | Found a white marble altar of Elyvilon.
  4682 | D:7      | Reached XP level 8. HP: 59/66 MP: 9/9
  4974 | D:7      | Noticed Menkaure
  4993 | D:7      | Killed Menkaure
  4993 | D:7      | Reached skill level 9 in Unarmed Combat
  5157 | D:7      | Noticed a spriggan baker
  5168 | D:7      | Killed a spriggan baker
  5589 | D:8      | Reached skill level 5 in Fighting
  5602 | D:8      | Reached skill level 10 in Unarmed Combat
  5807 | D:8      | Found a deep blue altar of Sif Muna.
  5975 | D:8      | Found a blossoming altar of Fedhas.
  6076 | D:8      | Reached XP level 9. HP: 52/74 MP: 9/11
  6146 | D:9      | Noticed a manticore
  7018 | D:8      | Reached skill level 11 in Unarmed Combat
  8417 | D:9      | Reached skill level 12 in Unarmed Combat
  8561 | D:9      | Reached XP level 10. HP: 32/83 MP: 11/11
  9103 | D:9      | Found a glowing silver altar of Zin.
  9128 | D:9      | Killed a manticore
  9382 | D:9      | Found a staircase to the Lair.
  9924 | D:10     | Entered Level 10 of the Dungeon
  9963 | D:10     | Found a bloodstained altar of Trog.
 10130 | D:10     | Reached skill level 13 in Unarmed Combat
 10435 | D:10     | Noticed a hill giant
 10436 | D:10     | Noticed a hill giant
 10492 | D:10     | Killed a hill giant
 10492 | D:10     | Reached skill level 5 in Dodging
 10541 | D:10     | Killed a hill giant
 10848 | D:10     | Noticed a hill giant
 10921 | D:10     | Killed a hill giant
 10921 | D:10     | Reached XP level 11. HP: 76/89 MP: 0/12
 11019 | D:10     | Acquired Ashenzari's first power
 11023 | D:10     | Noticed a hill giant
 11053 | D:10     | Killed a hill giant
 11124 | D:11     | Noticed 4thArraOfDagon's ghost (experienced DrWn)
 11426 | D:11     | Noticed Vidiiot's ghost (experienced DsAr)
 11504 | D:11     | Found Daka's Gadget Boutique.
 11550 | D:11     | Noticed an eight-headed hydra
 11591 | D:11     | Reached skill level 14 in Unarmed Combat
 11887 | D:11     | Noticed abixa's ghost (powerful HOFi)
 11893 | D:11     | Found a runed door.
 12383 | D:12     | Noticed Sonja
 13767 | D:12     | Noticed a six-headed hydra
 13777 | D:12     | Noticed Gastronok
 13869 | D:12     | Killed Gastronok
 13899 | D:12     | Slain by a six-headed hydra

Action                   |  1- 3 |  4- 6 |  7- 9 | 10-12 || total
-------------------------+-------+-------+-------+-------++-------
Melee: Unarmed           |    53 |   168 |   374 |   469 ||  1064
 Fire: Blowgun           |       |       |       |    41 ||    41
 Cast: Sting             |    20 |    44 |   114 |    57 ||   235
       Cure Poison       |       |     2 |       |     1 ||     3
Evoke: Wand              |       |       |     6 |       ||     6
  Use: Scroll            |     1 |     8 |     6 |     5 ||    20
       Potion            |       |       |       |     3 ||     3
  Eat: Bread ration      |     1 |       |     1 |     3 ||     5
       Chunk             |       |     3 |    12 |     4 ||    19
       Pizza             |       |       |     1 |     1 ||     2
       Beef jerky        |       |       |     1 |       ||     1
